 Dungeon Crawl Stone Soup version 0.25-a0-1133-g93ebf739aa (webtiles) character file.

Game seed: 13219474464324143055, levelgen mode: deterministic

28 gruber the Firebug (level 2, 0/22 HPs)
             Began as a Deep Elf Fire Elementalist on May 21, 2020.
             Succumbed to an adder's poison
             ... on level 2 of the Dungeon.
             The game lasted 00:01:23 (1156 turns).

gruber the Firebug (Deep Elf Fire Elementalist)     Turns: 1156, Time: 00:01:23

Health: 0/22       AC: 21    Str:  3 (5)  XL:     2   Next: 96%
Magic:  8/8        EV:  2    Int: 18 (19) God:
Gold:   75         SH:  0    Dex: 14 (15) Spells: 7/8 levels left

rFire    + . .     SeeInvis .   j - +2 trident (venom)
rCold    + . .     Gourm    .   (no shield)
rNeg     + + +     Faith    .   (armour currently unavailable)
rPois    +         Spirit   .   (helmet currently unavailable)
rElec    +         Reflect  .   (cloak currently unavailable)
rCorr    +         Harm     .   (gloves currently unavailable)
MR       .....     NoTele   +   (boots currently unavailable)
Stlth    ++........             (no amulet)
HPRegen  0.07/turn              (no ring)
MPRegen  0.11/turn              (no ring)

@: lethally poisoned (0 -> -5), tree-form, resistant, very slightly contaminated
A: no striking features
a: no special abilities


You were on level 2 of the Dungeon.
You were not hungry.
You were a tree.
You visited 1 branch of the dungeon, and saw 2 of its levels.

You collected 75 gold pieces.

Inventory:

Hand Weapons
 j - a +2 trident of venom (weapon)
Armour
 a - a +0 robe (melded)
Scrolls
 e - a scroll of blinking {unknown}
 g - a scroll of immolation {unknown}
Potions
 b - a potion of degeneration
Comestibles
 c - 2 rations
 d - a chunk of flesh


   Skills:
 - Level 2.4 Dodging
 - Level 2.4 Stealth
 + Level 3.5 Spellcasting
 + Level 1.5 Conjurations
 + Level 4.1 Fire Magic


You had 7 spell levels left.
You knew the following spells:

 Your Spells              Type           Power        Failure   Level  Hunger
a - Foxfire               Conj/Fire      ##..         4%          1    None

Your spell library contained the following spells:

 Spells                   Type           Power        Failure   Level  Hunger
 Conjure Flame            Conj/Fire      ##......     14%         3    ###....
 Inner Flame              Hex/Fire       ##......     21%         3    ###....
 Sticky Flame             Conj/Fire      ##......     43%         4    ####...
 Fireball                 Conj/Fire      ##........   80%         5    ######.


Dungeon Overview and Level Annotations

Branches:
Dungeon (2/15)

Altars:


Message History

Unknown command.
It was a potion of degeneration.
There was something very wrong with that liquid.
You feel weakened.
You feel dopey.
You feel clumsy.
It was a potion of resistance.
You feel protected.
* * * LOW HITPOINT WARNING * * *
You feel sick.
Some of the chunks of flesh in your inventory have rotted away.
It was a potion of magic.
Magic courses through your body.
Okay, then.
It was a potion of lignification.
You turn into a tree.
Your +0 robe melds into your body.
Your roots penetrate the ground.
* * * LOW HITPOINT WARNING * * *
You feel sick.
* * * LOW HITPOINT WARNING * * *
You feel sick.
* * * LOW HITPOINT WARNING * * *
You feel sick.
You die...

.# #.#
#.#.# .#
#.####.#.#
.#
#......#.#
.#
#.######>#
.# #.# #.#
.# #.# #.#
.# #.#
#.######
.# #.#
#......#
.# #.#
######♣#
.# #. #.#
## #..
####


There were no monsters in sight!

Vanquished Creatures
  An adder (D:2)
  2 leopard geckos (D:1)
  3 goblins (D:1)
  3 hobgoblins (D:1)
  2 kobolds (D:1)
  A ball python (D:1)
  2 bats (D:1)
  A frilled lizard (D:1)
  2 rats
17 creatures vanquished.

Vanquished Creatures (others)
  35 foxfires
35 creatures vanquished.

Grand Total: 52 creatures vanquished

Notes
Turn   | Place    | Note
-------+----------+-------------------------------------------
     0 | D:1      | gruber the Deep Elf Fire Elementalist began the quest for
                  | the Orb.
     0 | D:1      | Reached XP level 1. HP: 10/10 MP: 6/6
   194 | D:1      | Reached XP level 2. HP: 15/15 MP: 4/8
  1085 | D:2      | Reached skill level 4 in Fire Magic
  1154 | D:2      | HP: 1/22 [poisoned by an adder]
  1156 | D:2      | Succumbed to an adder's poison

Illustrated notes

Levels and vault maps discovered:
D:1:      lightli_iron_boxes, layout_loops_ring
D:2:      layout_loops_ring, chequers_decorated_corner,
          minmay_misc_feat_nine_boxes

Skill      XL: |  1  2 |
---------------+-------+-----
Fire Magic     | 4 |  4.1
Dodging        | |  2.4
Stealth        | |  2.4
Spellcasting   | |  3.5
Conjurations   | |  1.5

Action                   || total
-------------------------++-------
Melee: Trident           ||     2
 Cast: Foxfire           ||    35
  Use: Potion            ||     4
  Eat: Chunk             ||     1
Armor: Robe              ||     1
Dodge: Dodged            ||     9

Table legend:
 A = Non-vault XP
 B = Vault XP
 C = Vault XP percentage of total XP
 D = Non-vault monster count
 E = Vault monster count
 F = Vault count percentage of total count
                 A         B        C        D         E       F
            +---------+---------+-------+---------+---------+-------
      Total |      40 |       0 |   0.0 |      17 |       0 |   0.0
            +---------+---------+-------+---------+---------+-------
        D:1 |      26 |       0 |   0.0 |      15 |       0 |   0.0
        D:2 |      14 |       0 |   0.0 |       2 |       0 |   0.0
            +---------+---------+-------+---------+---------+-------
